 Dungeon Crawl Stone Soup version 0.30-a0-840-ga523dec638 (webtiles) character file.

Game seed: 3347927372112994218

1446 retardedninja the Shield-Bearer (level 8, -5/60 (67) HPs)
             Began as a Gnoll Fighter on Mar 1, 2023.
             Was an Initiate of the Shining One.
             Engulfed by a cloud of steam (8 damage)
             ... on level 8 of the Dungeon.
             The game lasted 00:08:42 (6382 turns).

retardedninja the Shield-Bearer (Gnoll Fighter)     Turns: 6382, Time: 00:08:43

HP:   -5/60 (67)    AC: 15    Str: 17    XL:     8   Next: 75%
MP:   13/13         EV:  8    Int:  8    God:    the Shining One [......]
Gold: 1095          SH: 11    Dex: 12    Spells: 14/14 levels left

rFire   . . .      SeeInvis .    a - +2 flail
rCold   . . .      Faith    .    c - +0 buckler
rNeg    . . .      Spirit   .    i - +0 chain mail
rPois   .          Reflect  +    b - +0 helmet
rElec   .          Harm     .    (no cloak)
rCorr   .          Rampage  .    h - +2 pair of gloves
Will    .....                    (no boots) Stlth
                                 m - amulet of reflection
HPRegen 0.30/turn                (no ring)
MPRegen 0.13/turn                (no ring)

@: mighty, glowing, heavily drained
A: fangs 1, strong nose, distributed training
a: Renounce Religion


You were on level 8 of the Dungeon.
You worshipped the Shining One.
The Shining One was noncommittal.
You visited 1 branch of the dungeon, and saw 8 of its levels.

You collected 1212 gold pieces.
You spent 117 gold pieces at shops.

Inventory:

Hand Weapons
 a - a +2 flail (weapon)
Missiles
 f - a throwing net (quivered)
 u - 4 boomerangs
Armour
 b - a +0 helmet (worn)
 c - a +0 buckler (worn)
 h - a +2 pair of gloves (worn)
 i - a +0 chain mail (worn)
Jewellery
 m - an amulet of reflection (around neck)
 w - a ring of protection from cold
Scrolls
 d - a scroll of silence
 e - 3 scrolls of teleportation
 g - a scroll of torment {unknown}
 j - a scroll of blinking
 k - 2 scrolls of magic mapping
 o - a scroll of vulnerability
 p - a scroll of brand weapon {unknown}
 x - a scroll of poison {unknown}
Potions
 l - a potion of invisibility
 n - 2 potions of brilliance
 r - a potion of magic
 s - a potion of resistance
 v - 2 potions of mutation


   Skills:
 + Level 7.6 Fighting
 + Level 3.7 Short Blades
 + Level 3.7 Long Blades
 + Level 3.7 Axes
 + Level 5.9 Maces & Flails
 + Level 3.7 Polearms
 + Level 3.7 Staves
 + Level 3.7 Ranged Weapons
 + Level 3.7 Throwing
 + Level 7.6 Armour
 + Level 3.7 Dodging
 + Level 3.7 Stealth
 + Level 7.6 Shields
 + Level 3.7 Unarmed Combat
 + Level 3.7 Spellcasting
 + Level 3.0 Conjurations
 + Level 3.0 Hexes
 + Level 3.0 Summonings
 + Level 3.0 Necromancy
 + Level 3.0 Translocations
 + Level 3.0 Transmutations
 + Level 3.0 Fire Magic
 + Level 3.0 Ice Magic
 + Level 3.0 Air Magic
 + Level 3.0 Earth Magic
 + Level 3.0 Poison Magic
 + Level 4.0 Invocations
 + Level 3.7 Evocations


You had 14 spell levels left.
You didn't know any spells.
Your spell library contained the following spells:

 Spells                   Type           Power      Damage    Failure   Level
 Apportation              Tloc           12%        N/A       77%         1
 Freeze                   Ice            24%        1d4       77%         1
 Blink                    Tloc           12%        N/A       88%         2
 Ensorcelled Hibernation  Hex/Ice        12%        N/A       88%         2
 Lesser Beckoning         Tloc           12%        N/A       88%         2
 Momentum Strike          Conj/Tloc      12%        3d8       88%         2
 Dazzling Flash           Conj/Hex       12%        N/A       98%         3
 Frozen Ramparts          Ice            12%        1d2       98%         3
 Hailstorm                Conj/Ice       6%         3d4       98%         3
 Spider Form              Tmut/Pois      6%         N/A       98%         3
 Anguish                  Hex/Necr       3%         N/A       100%        4
 Iskenderun's Mystic Bla  Conj/Tloc      6%         2d4       100%        4
 Manifold Assault         Tloc           6%         N/A       100%        4
 Alistair's Intoxication  Tmut/Pois      4%         N/A       100%        5
 Starburst                Conj/Fire      3%         6d3       100%        6
 Storm Form               Tmut/Air       3%         N/A       100%        7


Dungeon Overview and Level Annotations

Branches:
Dungeon (7/15)
 Temple: D:4-7

Altars:
Cheibriados
Dithmenos
Makhleb
Vehumet
Xom
Yredelemnul
The Shining One

Shops:
D:4 *

Annotations:
D:6 exclusion: statue


Innate Abilities, Weirdness & Mutations

You have very sharp teeth.
Your uncanny sense of smell can sniff out nearby items.
Your experience applies equally to all skills.


Message History

There is an open door here.
Something hits you but does no damage. The orc attacks as you move away!
The orc hits you but does no damage.
There is an open door here.
You hear some strange, mumbled words.
You are confused.
The steam dragon breathes steam at you.
The ball of steam hits something!!
Reactivating autopickup.
The ball of steam hits you but does no damage.
You bump into the closed door.
You are engulfed in a cloud of scalding steam.
You bump into the closed door.
You are engulfed in a cloud of scalding steam.
You bump into the closed door.
You are engulfed in a cloud of scalding steam.
The orc is engulfed in a cloud of scalding steam.
The orc dies!
You bump into the closed door.
The orc wizard is engulfed in a cloud of scalding steam.
The orc wizard dies!
The steam dragon barely misses you.
The steam dragon claws you but does no damage.
You bump into the rock wall.
You feel less confused. You block the steam dragon's attack.
The steam dragon claws you but does no damage.
You sock the steam dragon!
The steam dragon is severely wounded.
You block the steam dragon's attack. The steam dragon claws you.
You barely miss the steam dragon.
The steam dragon is severely wounded.
An orc wizard appears from thin air!
The steam dragon breathes steam at you. The ball of steam hits you!
* * * LOW HITPOINT WARNING * * *
You sock the steam dragon!
You kill the steam dragon!
You are engulfed in a cloud of scalding steam.
You die...

#...........#
#...........#
###...........#
#....####.....#
#....#..#.....+
#....'..#.....#
#....####.....# ##
......#'########.....#
......+@†.#....#.....#
......#...)o)..# ....#
..... #..####'##....$#
+#.. ####.J§o.§.....#
#...{.......#
#...........# ∆
#............
#.....####... #.....#
..


You could see an orc wizard.

Vanquished Creatures
  Sigmund (D:4)
  A steam dragon (D:8)
  A water moccasin (D:6)
  Duvessa (D:3)
  An ice beast (D:5)
  An ogre (D:4)
  A phantom (D:4)
  A scorpion (D:6)
  Dowan (D:3)
  3 vampire bats (D:3)
  2 howler monkeys (D:6)
  An orc priest (D:5)
  A hound (D:6)
  2 jellies
  4 iguanas
  2 orc wizards
  Robin (D:4)
  3 gnolls (D:5)
  8 adders
  5 worms
  7 dart slugs
  11 orcs
  10 bats
  6 endoplasms
  10 goblins
  11 hobgoblins
  7 jackals
  A quokka (D:3)
  7 ball pythons
  4 frilled lizards
  8 kobolds
  8 rats
131 creatures vanquished.

Vanquished Creatures (others)
  2 orc wizards (D:8)
  An orc (D:8)
3 creatures vanquished.

Grand Total: 134 creatures vanquished

Notes
Turn   | Place    | Note
-------+----------+-------------------------------------------
     0 | D:1      | retardedninja the Gnoll Fighter began the quest for the
                  | Orb.
     0 | D:1      | Reached XP level 1. HP: 23/23 MP: 1/1
   244 | D:1      | Reached XP level 2. HP: 29/29 MP: 2/2
   695 | D:1      | Reached XP level 3. HP: 25/35 MP: 3/3
  1186 | D:2      | Reached skill level 1 in Invocations
  1396 | D:2      | Reached skill level 1 in Short Blades
  1396 | D:2      | Reached skill level 1 in Long Blades
  1396 | D:2      | Reached skill level 1 in Axes
  1396 | D:2      | Reached skill level 1 in Polearms
  1396 | D:2      | Reached skill level 1 in Staves
  1396 | D:2      | Reached skill level 1 in Ranged Weapons
  1396 | D:2      | Reached skill level 1 in Throwing
  1396 | D:2      | Reached skill level 1 in Dodging
  1396 | D:2      | Reached skill level 1 in Stealth
  1396 | D:2      | Reached skill level 1 in Unarmed Combat
  1396 | D:2      | Reached skill level 1 in Spellcasting
  1396 | D:2      | Reached skill level 1 in Evocations
  1519 | D:2      | Reached XP level 4. HP: 41/41 MP: 5/5
  1600 | D:2      | Reached skill level 1 in Conjurations
  1600 | D:2      | Reached skill level 1 in Hexes
  1600 | D:2      | Reached skill level 1 in Summonings
  1600 | D:2      | Reached skill level 1 in Necromancy
  1600 | D:2      | Reached skill level 1 in Translocations
  1600 | D:2      | Reached skill level 1 in Transmutations
  1600 | D:2      | Reached skill level 1 in Fire Magic
  1600 | D:2      | Reached skill level 1 in Ice Magic
  1600 | D:2      | Reached skill level 1 in Air Magic
  1600 | D:2      | Reached skill level 1 in Earth Magic
  1600 | D:2      | Reached skill level 1 in Poison Magic
  1925 | D:3      | Found a faded altar of an unknown god.
  1985 | D:3      | Reached XP level 5. HP: 47/47 MP: 7/7
  2046 | D:3      | Reached XP level 6. HP: 53/53 MP: 8/8
  2319 | D:3      | Reached skill level 5 in Maces & Flails
  2569 | D:4      | Noticed Dowan
  2570 | D:4      | Noticed Duvessa
  2571 | D:4      | Noticed Sigmund
  2786 | D:3      | Killed Duvessa
  2787 | D:3      | Reached XP level 7. HP: 20/60 MP: 10/10
  2790 | D:3      | Killed Dowan
  3156 | D:4      | Killed Sigmund
  3279 | D:4      | Found Muut's Assorted Antiques.
  3374 | D:4      | Bought a chain mail for 117 gold pieces
  3597 | D:4      | Noticed Robin
  3598 | D:4      | Found a shimmering altar of Xom.
  3625 | D:4      | Killed Robin
  3970 | D:4      | Reached XP level 8. HP: 63/67 MP: 12/12
  4075 | D:4      | Found a snail-covered altar of Cheibriados.
  4121 | D:5      | Entered Level 5 of the Dungeon
  4122 | D:5      | Found a burning altar of Makhleb.
  4140 | D:4      | Identified a scroll of acquirement
  4140 | D:4      | Acquired 873 gold pieces
  4881 | D:5      | Found a glowing golden altar of the Shining One.
  4883 | D:5      | Noticed an angel
  5223 | D:5      | Became a worshipper of the Shining One
  5232 | D:5      | Found a basalt altar of Yredelemnul.
  5234 | D:5      | Noticed a profane servitor
  5718 | D:6      | Found a radiant altar of Vehumet.
  6000 | D:6      | Found a shadowy altar of Dithmenos.
  6332 | D:7      | You fall into a shaft and drop 1 floor!
  6381 | D:8      | HP: 3/60 [steam dragon/ball of steam (17)]
  6382 | D:8      | Engulfed by a cloud of steam

Illustrated notes

Levels and vault maps discovered:
D:1:      amcnicky_arrival_blooded_trapdoor, layout_basic, grunt_decor_fettered,
          corexii_leaking_fountain, minmay_pentomino_u2
D:2:      layout_basic, minmay_misc_feat_encased
D:3:      layout_loops_ring, hellmonk_ecumenical_altar_run_dry,
          hangedman_decor_lopped, roderic_batcave, serial_bayou_pond_c
D:4:      layout_basic, slow_altar_2, old_standard_altar, serial_shops, shop,
          uniq_duvessa, uniq_sigmund, uniq_robin
D:5:      layout_basic, grunt_temple_overflow_holy_war,
          mainiacjoe_overflow_boulevard
D:6:      layout_loops_cross, nicolae_dithmenos_the_darkroom, vehumet_statue
D:7:      layout_rooms, tgw_kikubaaqudgha, minmay_temple_entry_ruins,
          kennysheep_generic_room_2
D:8:      layout_gridville, mainiacjoe_overflow_paths, minivault_1

Skill      XL: |  1  2  3  4  5  6  7  8 |
---------------+-------------------------+-----
Invocations    | 1 2 3 4 |  4.0
Short Blades   | 1 2 3 |  3.7
Long Blades    | 1 2 3 |  3.7
Axes           | 1 2 3 |  3.7
Polearms       | 1 2 3 |  3.7
Staves         | 1 2 3 |  3.7
Ranged Weapons | 1 2 3 |  3.7
Throwing       | 1 2 3 |  3.7
Dodging        | 1 2 3 |  3.7
Stealth        | 1 2 3 |  3.7
Unarmed Combat | 1 2 3 |  3.7
Spellcasting   | 1 2 3 |  3.7
Evocations     | 1 2 3 |  3.7
Conjurations   | 1 2 3 |  3.0
Hexes          | 1 2 3 |  3.0
Summonings     | 1 2 3 |  3.0
Necromancy     | 1 2 3 |  3.0
Translocations | 1 2 3 |  3.0
Transmutations | 1 2 3 |  3.0
Fire Magic     | 1 2 3 |  3.0
Ice Magic      | 1 2 3 |  3.0
Air Magic      | 1 2 3 |  3.0
Earth Magic    | 1 2 3 |  3.0
Poison Magic   | 1 2 3 |  3.0
Maces & Flails | 5 |  5.9
Fighting       | 7 |  7.6
Armour         | 7 |  7.6
Shields        | 7 |  7.6

Action                     |  1- 3 |  4- 6 |  7- 9 || total
---------------------------+-------+-------+-------++-------
  Melee: Flail             |   116 |    96 |   240 ||   452
         Bite              |     6 |    11 |    26 ||    43
  Throw: Throwing net      |       |       |     1 ||     1
    Use: Scroll            |       |     9 |     8 ||    17
         Potion            |       |     3 |     2 ||     5
 Armour: Scale mail        |    46 |    63 |    10 ||   119
         Chain mail        |       |       |   101 ||   101
  Dodge: Dodged            |    39 |    53 |    89 ||   181
  Block: Buckler           |    28 |    72 |   172 ||   272
         Reflection        |       |     2 |     3 ||     5

Table legend: (Time is in decaauts)
 A = Elapsed time spent in this place.
 B = Non-inter-level travel time spent in this place.
 C = Inter-level travel time spent in this place.
 D = Time resting spent in this place.
 E = Time spent auto-exploring this place.
 F = Levels seen in this place.
 G = Mean time per level.
                   A        B        C        D        E       F      G
               +--------+--------+--------+--------+--------+-----+--------+
         Total |   6467 |   6154 |    313 |   1266 |   3814 |   8 |  808.4 |
       Dungeon |   6467 |   6154 |    313 |   1266 |   3814 |   8 |  808.4 |
               +--------+--------+--------+--------+--------+-----+--------+

Top non-repeatable levels by time:
     D:3: 1287 daAuts
     D:4: 1273 daAuts
     D:1: 1201 daAuts
     D:6: 1045 daAuts
     D:5: 1024 daAuts
     D:2: 585 daAuts
     D:8: 50 daAuts
